 Dungeon Crawl Stone Soup version 0.23.1 (webtiles) character file.

Game seed: 0

37837 teukkam the Blocker (level 13, -4/134 HPs)
             Began as a Minotaur Fighter on Mar 14, 2019.
             Slain by a sky beast (5 damage)
             ... on level 11 of the Dungeon on Mar 15, 2019.
             The game lasted 01:25:54 (21865 turns).

teukkam the Blocker (Minotaur Fighter)             Turns: 21865, Time: 01:25:55

Health: -4/134     AC:  6    Str: 25    XL:     13   Next: 60%
Magic:  12/12      EV: 10    Int:  9    God:
Gold:   1171       SH: 14    Dex: 15    Spells: 12/12 levels left

rFire    + + +     SeeInvis .   I - +0 long sword (distort)
rCold    . . .     Gourm    .   j - +0 shield
rNeg     . . .     Faith    .   J - +0 leather armour {rF+}
rPois    .         Spirit   .   (helmet restricted)
rElec    .         Reflect  .   (no cloak)
rCorr    .         Harm     .   O - +0 pair of gloves
MR       +....                  (no boots)
Stlth    +.........             (no amulet)
HPRegen  0.32/turn              l - ring "Ynaos" {rF++ Int+4 Dex+4}
MPRegen  0.13/turn              D - ring of protection from magic

@: lightly drained
A: retaliatory headbutt, fangs 1, hooves 1, horns 2, robust 1
a: no special abilities


You were on level 11 of the Dungeon.
You were not hungry.

You visited 3 branches of the dungeon, and saw 18 of its levels.
You also visited: Sewer, Ossuary, Bailey and Ice Cave.

You collected 1171 gold pieces.

Inventory:

Hand Weapons
 a - a +4 short sword of piercing
 b - a +0 blowgun
 m - a +2 dagger of speed
 p - a +0 short sword of freezing
 u - a +0 blowgun
 x - a +0 war axe
 I - a +0 long sword of distortion (weapon)
 P - the cursed +3 long sword of Yherr {slice, +Fly Str+2 Dex-2 Stlth+}
   (You found it on level 10 of the Dungeon)

   It inflicts extra damage upon your enemies.
   It affects your strength (+2).
   It affects your dexterity (-2).
   It lets you fly.
   It makes you more stealthy.
   It has a curse placed upon it.
Missiles
 c - 6 needles of sleeping
 q - 3 tomahawks (quivered)
 y - 38 poisoned needles
 K - 3 needles of frenzy
 L - 2 curare-tipped needles
 M - 2 javelins
Armour
 g - a +2 ring mail of cold resistance
 j - a +0 shield (worn)
 o - a +1 chain mail
 J - a +0 leather armour of fire resistance (worn)
 O - a +0 pair of gloves (worn)
Jewellery
 l - the ring "Ynaos" (left hand) {rF++ Int+4 Dex+4}
   (You found it on level 6 of the Lair of Beasts)

   [ring of dexterity]

   It affects your intelligence (+4).
   It affects your dexterity (+4).
   It greatly protects you from fire.
 D - a ring of protection from magic (right hand)
 E - an uncursed ring of see invisible
 S - an uncursed ring of fire
Wands
 d - a wand of polymorph (2)
 i - a wand of disintegration (9)
 B - a wand of paralysis (15)
 N - a wand of acid (15)
 U - a wand of random effects (16)
Scrolls
 h - 2 scrolls of vulnerability
 r - 12 scrolls of identify
 s - a scroll of fog
 t - 3 scrolls of remove curse
 v - 3 scrolls of enchant weapon
 w - a scroll of teleportation
 z - 4 scrolls of amnesia
 A - 5 scrolls of enchant armour
 C - 4 scrolls of immolation
 H - a scroll of silence {unknown}
 Q - a scroll of summoning
Potions
 e - 4 potions of flight
 k - 3 potions of brilliance
 n - 2 potions of mutation
 F - 3 potions of agility
 G - a potion of resistance
 R - a potion of might
 V - 2 potions of lignification
Comestibles
 f - 22 rations


   Skills:
 + Level 13.6(13.0) Fighting
 - Level 9.2(9.6) Short Blades
 + Level 7.4(9.3) Long Blades
 - Level 5.8(5.3) Axes
 + Level 8.1(7.6) Throwing
 - Level 13.1(12.5) Armour
 + Level 13.6(13.1) Shields


You had 12 spell levels left.
You didn't know any spells.
Your spell library contained the following spells:

 Spells                   Type           Power        Failure   Level  Hunger
 Animate Skeleton         Necr           N/A          50%         1    ##.....
 Pain                     Necr           #...         50%         1    ##.....
 Regeneration             Chrm/Necr      #.........   86%         3    ####...
 Vampiric Draining        Necr           #.........   86%         3    ####...
 Animate Dead             Necr           N/A          99%         4    #####..
 Ice Form                 Ice/Tmut       #.......     99%         4    #####..
 Summon Lightning Spire   Summ/Air       #.......     99%         4    #####..
 Metabolic Englaciation   Hex/Ice        #.........   100%        5    ######.
 Silence                  Hex/Air        #.........   100%        5    ######.
 Bolt of Cold             Conj/Ice       #.........   100%        6    #######
 Conjure Ball Lightning   Conj/Air       #.........   100%        6    #######
 Deflect Missiles         Chrm/Air       #.........   100%        6    #######
 Freezing Cloud           Conj/Ice/Air   #.........   100%        6    #######
 Ozocubu's Refrigeration  Ice            #.........   100%        6    #######
 Simulacrum               Ice/Necr       #.........   100%        6    #######
 Tornado                  Air            #.........   100%        9    #######


Dungeon Overview and Level Annotations

Branches:
Dungeon (11/15)            Temple (1/1) D:6            Lair (6/6) D:9
 Shoals (0/4) Lair:4        Slime (0/5) Lair:5
  Snake: Lair:2-4    Spider: Lair:2-4       Orc: D:9-12

Altars:
Ashenzari
Cheibriados
Dithmenos
Elyvilon
Fedhas
Gozag
Hepliaklqana
Kikubaaqudgha
Makhleb
Nemelex Xobeh
Ru
Sif Muna
Trog
Uskayaw
Vehumet
Wu Jian
Xom
Yredelemnul
Zin
The Shining One

Shops:
D:6 *

Annotations:
Lair:1 2 transporters, tyn's ghost, novice GrEE
Lair:3 exclusion: 4 oklob plants
Abyss:1 Duvessa, Pikel


Innate Abilities, Weirdness & Mutations

You reflexively headbutt those who attack you in melee.
You have a pair of horns on your head.
You have very sharp teeth.
You have large cloven feet.
You are robust. (+10% HP)


Message History

Something hits you but does no damage.
Unknown command.
Evoke which item? (* to show all) (? for menu, Esc to quit)
Aiming: Random Effects
Press: ? - help, Shift-Dir - straight line, f/p - centaur
Aim: a centaur, wielding a +0 shortbow (black smoke, misshapen and mutated)
The mass of ice explodes!
The iceblast engulfs something!
The iceblast engulfs you.
* * * LOW HITPOINT WARNING * * *
The iceblast engulfs the centaur!!
You kill the centaur!
The iceblast engulfs the centaur!
The centaur is heavily wounded.
You hear a shout!
You hear a bellow! x2
The centaur shoots an arrow.
The arrow hits you.
* * * LOW HITPOINT WARNING * * *
Something hits you.
* * * LOW HITPOINT WARNING * * *
Something shocks you.
You die...

....Z........#
#....c.).....#
#...c......<#
##..........#
##....)...##
###.§(.††#
###c§†.#
##{§#### #@§##
####


You could see a centaur.

Vanquished Creatures
  4 hydras
  A deep elf knight (Bailey)
  9 deep elf magi (Bailey)
  8 elephants
  7 black mambas
  6 spiny frogs
  A gargoyle (D:11)
  3 komodo dragons
  7 freezing wraiths (IceCv)
  6 polar bears (Lair:6)
  A troll (D:10)
  4 slime creatures (Lair:5)
  3 raiju (Lair:6)
  Prince Ribbit (D:8)
  7 blink frogs (Lair:6)
  3 hippogriffs
  A spriggan (D:10)
  8 yaks
  A wyvern (D:9)
  2 steam dragons (Lair:6)
  5 wargs (Lair:6)
  A death yak simulacrum (IceCv)
  6 water moccasins
  7 hell hounds (Lair:6)
  2 acid dragons (Lair:6)
  4 porcupines
  A phantom (D:7)
  A sky beast (D:6)
  2 swamp drakes (Lair:6)
  7 ice beasts
  2 orc warriors (D:9)
  A slave (D:6)
  11 black bears
  6 centaurs
  2 ogres
  18 wolves
  5 crocodiles
  4 big kobolds
  6 bullfrogs
  Dowan (D:6)
  2 scorpions
  An elephant simulacrum (IceCv)
  8 killer bees
  5 wights (D:10)
  7 howler monkeys
  A crimson imp (D:8)
  2 draconian simulacra (IceCv)
  6 hounds
  6 orc wizards
  A bullfrog skeleton (D:5)
  3 orc priests
  2 jellies (D:6)
  2 human zombies (Ossuary)
  4 iguanas
  4 worker ants
  4 troll simulacra (IceCv)
  A wolf simulacrum (IceCv)
  A big kobold zombie (Ossuary)
  3 centaur simulacra (IceCv)
  A hound skeleton (D:6)
  A hound zombie (Ossuary)
  5 mummies
  3 gnolls (D:5)
  A naga simulacrum (IceCv)
  10 adders
  2 river rats (Sewer)
  A shadow imp (D:6)
  11 white imps (IceCv)
  An ooze (Sewer)
  An adder zombie (Ossuary)
  3 worms (D:5)
  An adder simulacrum (D:10)
  A dart slug (D:1)
  8 leopard geckos
  37 orcs
  6 ball pythons
  6 giant cockroaches
  A gnoll zombie (Ossuary)
  6 hobgoblins
  5 jackals
  25 kobolds
  9 quokkas
  8 bats
  7 frilled lizards
  3 goblins
  A hobgoblin zombie (Ossuary)
  A jackal skeleton (D:4)
  2 kobold zombies
  2 leopard gecko skeletons
  A leopard gecko zombie (D:6)
  3 orc zombies
  30 rats
  2 rat zombies (Ossuary)
  A fungus (Lair:6)
444 creatures vanquished.

Vanquished Creatures (collateral kills)
  A porcupine (Lair:1)
1 creature vanquished.

Vanquished Creatures (others)
  A fire dragon (Lair:6)
  A deep elf mage (Bailey)
  An elephant (Lair:6)
  2 freezing wraiths (IceCv)
  A komodo dragon (Lair:1)
  3 polar bears (Lair:6)
  6 yaks
  A steam dragon (Lair:6)
  A death yak simulacrum (IceCv)
  A warg (Lair:6)
  A water moccasin (Lair:3)
  5 hell hounds (Lair:6)
  A porcupine (Lair:1)
  An orc warrior (D:8)
  A black bear (Lair:6)
  An ice beast (IceCv)
  3 wolves (Lair:6)
  A crocodile (Lair:2)
  A bullfrog (Lair:1)
  A killer bee (D:11)
  An orc wizard (D:9)
  A white imp (D:10)
  A giant cockroach (D:7)
  A hobgoblin (D:2)
  A quokka (D:6)
  21 fungi
  41 plants
101 creatures vanquished.

Grand Total: 546 creatures vanquished

Notes
Turn   | Place    | Note
-------+----------+-------------------------------------------
     0 | D:1      | teukkam the Minotaur Fighter began the quest for the Orb.
     0 | D:1      | Reached XP level 1. HP: 19/19 MP: 0/0
   140 | D:2      | Reached XP level 2. HP: 27/27 MP: 1/1
   181 | D:2      | Reached XP level 3. HP: 31/33 MP: 2/2
   322 | D:3      | Reached XP level 4. HP: 30/41 MP: 3/3
   517 | D:3      | Reached XP level 5. HP: 30/47 MP: 4/4
   820 | D:4      | Found a sand-covered staircase.
   838 | Ossuary  | Entered an ossuary
   852 | Ossuary  | Reached skill level 5 in Fighting
   854 | Ossuary  | Reached skill level 5 in Armour
   854 | Ossuary  | Reached skill level 5 in Shields
   860 | Ossuary  | Reached XP level 6. HP: 20/56 MP: 5/5
  1465 | D:5      | Entered Level 5 of the Dungeon
  1481 | D:5      | You fall through a shaft!
  1829 | D:5      | Reached XP level 7. HP: 62/62 MP: 6/6
  1864 | D:5      | Reached skill level 5 in Axes
  2028 | D:5      | Found a glowing drain.
  2040 | Sewer    | Entered a sewer
  2836 | D:4      | Found a glowing golden altar of the Shining One.
  3868 | D:3      | Reached skill level 1 in Short Blades
  3868 | D:3      | Reached XP level 8. HP: 63/71 MP: 7/7
  4527 | D:6      | Found Biskic's General Store.
  4580 | D:6      | Found a staircase to the Ecumenical Temple.
  4707 | Temple   | Entered the Ecumenical Temple
  5157 | D:6      | Noticed Pikel
  5169 | D:6      | Banished Pikel
  5436 | D:6      | Noticed Duvessa
  5439 | D:6      | Gained mutation: You are partially covered in molten
                  | scales. (AC +2) [potion of mutation]
  5439 | D:6      | Gained mutation: Your flesh is cold resistant. (rC+)
                  | [potion of mutation]
  5439 | D:6      | Gained mutation: Armour fits poorly on your strangely
                  | shaped body. [potion of mutation]
  5439 | D:6      | Gained mutation: You are robust. (+10% HP) [potion of
                  | mutation]
  5440 | D:6      | Noticed Dowan
  5444 | D:6      | Banished Duvessa
  5444 | D:6      | Reached XP level 9. HP: 81/89 MP: 8/8
  5460 | D:6      | Killed Dowan
  5674 | D:7      | Found a burning altar of Makhleb.
  6493 | D:9      | Found a staircase to the Lair.
  6515 | D:9      | Reached skill level 5 in Short Blades
  6632 | Lair:1   | Entered Level 1 of the Lair of Beasts
  6632 | Lair:1   | Noticed a spiny frog
  6752 | Lair:1   | Noticed a komodo dragon
  6758 | Lair:1   | Banished a komodo dragon
  6858 | Lair:2   | Noticed a spiny frog
  6859 | Lair:2   | Reached XP level 10. HP: 100/100 MP: 9/9
  6861 | Lair:2   | Found a frozen archway.
  6866 | Lair:2   | Killed a spiny frog
  6951 | IceCv    | Entered an ice cave
  7195 | IceCv    | Reached skill level 10 in Shields
  7197 | IceCv    | Reached skill level 10 in Fighting
  7197 | IceCv    | Reached skill level 10 in Armour
  7618 | IceCv    | Reached skill level 1 in Throwing
  8517 | IceCv    | Found an ancient bone altar of Kikubaaqudgha.
  9056 | IceCv    | Noticed an ice statue
  9333 | Lair:2   | Lost mutation: Armour fits poorly on your strangely shaped
                  | body. [potion of mutation]
  9333 | Lair:2   | Lost mutation: You are robust. (+10% HP) [potion of
                  | mutation]
  9333 | Lair:2   | Lost mutation: You are partially covered in molten scales.
                  | (AC +2) [potion of mutation]
  9333 | Lair:2   | Lost mutation: Your flesh is cold resistant. (rC+) [potion
                  | of mutation]
  9333 | Lair:2   | Gained mutation: Your flesh is cold resistant. (rC+)
                  | [potion of mutation]
  9333 | Lair:2   | Gained mutation: You have an increased reservoir of magic.
                  | (+10% MP) [potion of mutation]
  9378 | Lair:2   | Lost mutation: Your flesh is cold resistant. (rC+) [potion
                  | of mutation]
  9378 | Lair:2   | Gained mutation: You are robust. (+10% HP) [potion of
                  | mutation]
  9378 | Lair:2   | Gained mutation: You have large cloven feet. [potion of
                  | mutation]
  9378 | Lair:2   | Lost mutation: You have an increased reservoir of magic.
                  | (+10% MP) [potion of mutation]
  9378 | Lair:2   | Gained mutation: You have very sharp teeth. [potion of
                  | mutation]
  9464 | Lair:3   | Noticed an oklob plant
  9487 | Lair:3   | Noticed an oklob plant
  9487 | Lair:3   | Noticed an oklob plant
  9487 | Lair:3   | Noticed an oklob plant
  9930 | Lair:3   | Noticed a spiny frog
  9930 | Lair:3   | Noticed a black mamba
  9939 | Lair:3   | Killed a black mamba
  9939 | Lair:3   | Reached XP level 11. HP: 98/111 MP: 10/10
 10172 | Lair:3   | Noticed an eight-headed hydra
 10190 | Lair:3   | Killed an eight-headed hydra
 10604 | Lair:4   | Found a staircase to the Shoals.
 11080 | Lair:6   | Entered Level 6 of the Lair of Beasts
 11461 | Lair:6   | Noticed a four-headed hydra
 11482 | Lair:6   | Killed a four-headed hydra
 11576 | Lair:6   | Got a flickering bronze ring
 11586 | Lair:5   | Identified the ring "Ynaos" {rF++ Int+4 Dex+4} (You found
                  | it on level 6 of the Lair of Beasts)
 12284 | Lair:6   | Reached skill level 5 in Throwing
 12285 | Lair:6   | Reached XP level 12. HP: 46/122 MP: 11/11
 12912 | Lair:6   | Reached skill level 1 in Long Blades
 13499 | Lair:6   | HP: 3/123 [black mamba (14)]
 14639 | Lair:6   | HP: 5/124 [hell hound (10)]
 15813 | Lair:6   | Noticed a fire dragon
 15829 | Lair:6   | Banished a fire dragon
 16241 | Lair:6   | Reached skill level 5 in Long Blades
 16407 | Lair:5   | Noticed an eight-headed hydra
 16408 | Lair:5   | Noticed an eight-headed hydra
 16892 | Lair:4   | Reached XP level 13. HP: 29/130 MP: 12/12
 17753 | Lair:5   | Found a staircase to the Slime Pits.
 18803 | Lair:1   | Found a transporter.
 18804 | Lair:1   | Identified the +8 trident "Uvvoch" {pierce, Str+5}
 18813 | Lair:1   | Identified the +9 trident "Veenius" {distort, +Blink Str+5}
 18823 | Lair:1   | Identified the +8 rapier of Meho {drain, +Rage rN+ Str+7}
 18825 | Lair:1   | Noticed tyn's ghost (novice GrEE)
 18827 | Lair:1   | Found a bloodstained altar of Trog.
 18840 | Lair:1   | Found a transporter.
 19427 | D:8      | Noticed Prince Ribbit
 19444 | D:8      | Killed Prince Ribbit
 20223 | D:10     | Entered Level 10 of the Dungeon
 20256 | D:10     | Got a pitted long sword
 20259 | D:10     | Identified the cursed +3 long sword of Yherr {slice, +Fly
                  | Str+2 Dex-2 Stlth+} (You found it on level 10 of the
                  | Dungeon)
 20554 | D:10     | Found a flagged portal.
 20680 | Bailey   | Entered a bailey
 21865 | D:11     | HP: 6/134 [centaur/arrow (6)]
 21865 | D:11     | HP: 1/134 [something (5)]
 21865 | D:11     | Slain by a sky beast

Skill      XL: |  1  2  3  4  5  6  7  8  9 10 11 12 13 |
---------------+----------------------------------------+-----
Fighting       | 4 5 6 7 9 10 11 12 13 | 13.6
Armour         | 4 5 6 7 9 10 11 12 13 | 13.1
Axes           | 3 4 5 |  5.8
Shields        | 4 5 6 8 9 10 11 12 13 | 13.6
Short Blades   | 1 3 6 7 9 |  9.2
Throwing       | 2 5 6 8 |  8.1
Long Blades    | 5 7 |  7.4

Action                   |  1- 3 |  4- 6 |  7- 9 | 10-12 | 13-15 || total
-------------------------+-------+-------+-------+-------+-------++-------
Melee: War axe           |    52 |   161 |    89 |    31 |       ||   333
       Headbutt          |     7 |    25 |    59 |   167 |    51 ||   309
       Short sword       |       |       |   310 |   332 |       ||   642
       Kick              |       |       |       |   222 |    75 ||   297
       Bite              |       |       |       |    63 |    48 ||   111
       Dagger            |       |       |       |    23 |       ||    23
       Long sword        |       |       |       |   306 |   222 ||   528
 Fire: Blowgun           |       |       |       |     8 |       ||     8
Throw: Tomahawk          |       |       |     6 |    46 |    12 ||    64
       Javelin           |       |       |       |       |     2 ||     2
Evoke: Wand              |       |       |     3 |    33 |    26 ||    62
  Use: Scroll            |       |     2 |    13 |     7 |     3 ||    25
       Potion            |       |     1 |     5 |    33 |     1 ||    40
 Stab: Invisible         |       |       |       |     6 |       ||     6
       Distracted        |       |       |       |       |     1 ||     1
       Paralysed         |       |       |       |       |     1 ||     1
  Eat: Chunk             |       |     1 |     6 |     5 |     3 ||    15
       Ration            |       |     1 |     3 |     8 |     4 ||    16
Armor: Scale mail        |    18 |     5 |       |       |       ||    23
       Chain mail        |       |    86 |   155 |    27 |       ||   268
       Ring mail         |       |       |       |   154 |       ||   154
       Leather armour    |       |       |       |    19 |    51 ||    70
       Skin              |       |       |       |    13 |       ||    13
Dodge: Dodged            |    26 |    54 |    82 |   266 |    77 ||   505
Block: Shield            |    35 |   109 |   244 |   500 |   172 ||  1060
       Rpst.: Long sword |       |       |       |    26 |    17 ||    43
